 Dungeon Crawl Stone Soup version 0.30-b1-2-g02819fbbbe (webtiles) character file.

Game seed: 1155415332988085464

211 Anon1729 the Trooper (level 5, -7/47 HPs)
             Began as a Minotaur Monk on Aug 26, 2023.
             Splashed by a jelly's acid (11 damage)
             ... in a sewer.
             The game lasted 00:00:51 (2218 turns).

Anon1729 the Trooper (Minotaur Monk)                Turns: 2218, Time: 00:00:52

Health: -7/47      AC: -9    Str: 16    XL:     5   Next: 57%
Magic:  5/5        EV: 13    Int:  7    God:
Gold:   118        SH:  0    Dex: 14    Spells: 4/4 levels left

rFire   . . .        a - +0 short sword
rCold   . . .        d - orb {light}
rNeg    . . .        b - +0 robe
rPois   .            (helmet restricted)
rElec   .            (no cloak)
rCorr   .            (no gloves)
SInv    .            (no boots)
Will    .....        (no amulet)
Stlth   +            (no ring)
HPRegen 0.27/turn    (no ring)
MPRegen 0.09/turn

%: no passive effects
@: confused, ambrosia-drunk, corroded, glowing
A: horns 2, retaliatory headbutt
a: no special abilities


You were in a sewer.
You visited 1 branch of the dungeon, and saw 3 of its levels.
You also visited: Sewer.

You collected 118 gold pieces.

Inventory:

Hand Weapons
 a - a +0 short sword (weapon)
Armour
 b - a +0 robe (worn)
 d - an orb of light (worn)
Jewellery
 g - a ring of wizardry
 s - a ring of fire
 v - a +4 ring of protection
Wands
 o - a wand of charming (11)
Scrolls
 h - 2 scrolls of amnesia {unknown}
 i - a scroll of silence {unknown}
 j - 2 scrolls of teleportation {unknown}
 k - a scroll of enchant weapon {unknown}
 l - a scroll of fog {unknown}
 m - a scroll of immolation {unknown}
 n - 2 scrolls of fear {unknown}
 p - a scroll of poison {unknown}
 q - a scroll of magic mapping {unknown}
 u - a scroll of identify {unknown}
Potions
 e - 2 potions of heal wounds {unknown}
 f - 2 potions of brilliance {unknown}
 r - 3 potions of curing {unknown}
 t - a potion of flight {unknown}
 w - a potion of mutation {unknown}


   Skills:
 + Level 4.7 Fighting
 + Level 4.4 Short Blades
 + Level 1.8 Armour
 + Level 4.2 Dodging
 + Level 1.3 Stealth
 + Level 1.4 Invocations
 + Level 0.6 Evocations


You had 4 spell levels left.
You didn't know any spells.
Your spell library contained the following spells:

 Spells                   Type           Power      Damage    Failure   Level
 Sting                    Tmut/Pois      0%         1d3       43%         1
 Poisonous Vapours        Pois/Air       0%         N/A       56%         2
 Olgreb's Toxic Radiance  Pois           0%         N/A       99%         4


Dungeon Overview and Level Annotations

Branches:
Dungeon (3/15)              Sewer (1/1)

Altars:
Wu Jian


Innate Abilities, Weirdness & Mutations

You have a pair of horns on your head.
You reflexively headbutt those who attack you in melee.


Message History

You enter the shallow water.
Moving in this stuff is going to be slow.
Found a bubbling orange potion and a lumpy purple potion.
Found a viscous altar of Jiyva.
The jelly hits you but does no damage.
You see here a rat corpse.
You hit the jelly.
Your hands burn!
The jelly is moderately wounded.
The jelly barely misses you. The jelly hits you. The acid corrodes you!
You are splashed with acid!
You hit the jelly but do no damage.
Your hands burn!
You headbutt the jelly, but do no damage.
The jelly is moderately wounded.
You hit the jelly.
Your hands burn!
The jelly is heavily wounded.
The jelly hits you. The acid corrodes you!
You are splashed with acid!
The jelly hits you.
You are splashed with acid!
* * * LOW HITPOINT WARNING * * *
You are too injured to fight recklessly!
You are too injured to fight recklessly!
You are too injured to fight recklessly!
You are too injured to fight recklessly!
You are too injured to fight recklessly!
You are too injured to fight recklessly!
You are too injured to fight recklessly!
You are too injured to fight recklessly!
You are too injured to fight recklessly!
You are too injured to fight recklessly!
You are too injured to fight recklessly!
You are too injured to fight recklessly!
You are too injured to fight recklessly!
You are too injured to fight recklessly!
The jelly hits you.
* * * LOW HITPOINT WARNING * * *
The acid corrodes you!
You are splashed with acid!
* * * LOW HITPOINT WARNING * * *
You are confused.
You feel invigorated. The jelly hits you.
* * * LOW HITPOINT WARNING * * *
The acid corrodes you!
You are splashed with acid!
You die...

.~..~#~..##~..##..#####
##..~##~.~##..##..#
#... ##..~†.~##..# #~~
#..~~~###~†##### #~.#
##~.#### #.~.~...
#..~###...# #.~.....
#∩~~~.~~.# ########
##.~~..~## ####@~##
#JJ# #~..# ....##
~.~.~## ##~~.~ #.~..
#..!# #!_!


You could see 2 jellies.

Vanquished Creatures
  A gnoll (D:1)
  9 adders
  4 river rats
  A worm (D:2)
  3 dart slugs
  An orc (D:3)
  20 endoplasms
  4 giant cockroaches
  4 goblins
  3 hobgoblins
  3 jackals (D:2)
  A quokka (D:3)
  7 ball pythons
  4 bats
  A frilled lizard (Sewer)
  2 kobolds
  10 rats
78 creatures vanquished.

Notes
Turn   | Place    | Note
-------+----------+-------------------------------------------
     0 | D:1      | Anon1729 the Minotaur Monk began the quest for the Orb.
     0 | D:1      | Reached XP level 1. HP: 19/19 MP: 0/0
   298 | D:1      | Reached XP level 2. HP: 24/27 MP: 1/1
   397 | D:1      | Reached XP level 3. HP: 15/33 MP: 2/2
   711 | D:1      | Found a faded altar of an unknown god.
   815 | D:2      | Found an ornate altar of the Wu Jian Council.
   985 | D:2      | Reached skill level 1 in Armour
   985 | D:2      | Reached XP level 4. HP: 34/41 MP: 3/3
  1256 | D:2      | Reached skill level 1 in Invocations
  1608 | D:3      | Reached skill level 1 in Stealth
  1866 | D:3      | Found a glowing drain.
  1878 | D:3      | Reached XP level 5. HP: 37/47 MP: 4/4
  1895 | Sewer    | Entered a sewer
  2213 | Sewer    | Found a viscous altar of Jiyva.
  2217 | Sewer    | HP: 1/47 [acid (7)]
  2218 | Sewer    | Splashed by a jelly's acid

Illustrated notes

Levels and vault maps discovered:
D:1:      psy_arrival_terrarium, layout_basic, shapermc_ecumenical_altar_petra
D:2:      layout_loops_ring, basic_altar
D:3:      layout_basic, portal_sewer_entry_b, minivault_27, uniq_natasha,
          uniq_terence
Sewer:    sewer_hellmonk_slimy_pipes

Skill      XL: |  1  2  3  4 |
---------------+-------------+-----
Fighting       | 4 |  4.7
Short Blades   | 4 |  4.4
Armour         | 1 |  1.8
Dodging        | 4 |  4.2
Invocations    | 1 |  1.4
Stealth        | 1 |  1.3
Evocations     | |  0.6

Action                     |  1- 3 |  4- 6 || total
---------------------------+-------+-------++-------
  Melee: Short sword       |    54 |   125 ||   179
         Headbutt          |    13 |    29 ||    42
    Use: Potion            |       |     1 ||     1
 Armour: Robe              |     2 |    14 ||    16
  Dodge: Dodged            |    32 |    77 ||   109
